Map: Heavy Artillery LE

Players

rodeo

  • Race: Terran Terran
  • League: Platinum
  • Spawn Location: 3:00

ATBT

  • Race: Zerg Zerg
  • Spawn Location: 1:00

qqq - Winner!

  • Race: Zerg Zerg
  • Spawn Location: 7:00

Massa - Winner!

  • Race: Terran Terran
  • Spawn Location: 7:00

VOD

Have the link to the VOD?

Description

Time

  • Played on: Oct. 2, 2020, 2:40 p.m.
  • Length: 10:50
Show
View Real Time Build Order
Export as new Build Order

rodeo Terran 

Build Orders:  

Get SALT Encoding   

  12  0:01  SCV  
  13  0:13  SCV  
  14  0:21  Supply Depot  
  14  0:25  SCV  
  15  0:43  SCV  
  15  0:44  Refinery  
  15  0:48  Barracks  
  16  0:55  SCV  
  17  0:58  Supply Depot  
  17  1:07  SCV  
  18  1:21  Barracks  
  18  1:31  Refinery  
  18  1:41  Marine  
  18  1:58  Factory  
  18  2:00  Orbital Command  
  18  2:04  Marine  
  19  2:13  Marine  
  19  2:14  Bunker  
  20  2:27  SCV  
  21  2:36  Marine x2  
  23  2:39  SCV  
  23  2:43  Factory Tech Lab  
  24  2:49  Starport  
  24  2:53  Marine  
  24  2:55  SCV  
  26  3:01  Supply Depot  
  26  3:09  Siege Tank  
  29  3:13  Marine  
  29  3:14  Marine  
  31  3:22  SCV  
  31  3:25  Supply Depot  
  32  3:30  Medivac  
  34  3:40  Supply Depot  
  34  3:42  SCV  
  35  3:52  Marine  
  35  3:53  Marine  
  37  4:22  Engineering Bay, Viking  
  35  4:44  SCV  
  30  5:04  Siege Tank  
  30  5:05  Marine x2  
  30  5:07  Medivac  
  37  5:12  Missile Turret  
  37  5:14  SCV  
  37  5:15  Missile Turret  
  38  5:29  Marine x2  
  40  5:38  Siege Tank  
  43  5:47  Marine x2  
  40  6:12  Marine x2  
  33  6:29  Command Center  
  33  6:30  Marine x2  
  33  6:31  SCV  
  28  6:48  Marine x2, Missile Turret  
  24  6:59  Viking  
  24  7:01  Cyclone  
  25  7:05  Supply Depot  
  25  7:06  Marine x2, Missile Turret  
  25  7:21  Terran Infantry Weapons Level 1  
  23  7:23  Marine  
  23  7:24  Marine  
  23  7:29  Viking  
  26  7:41  Marine x2  
  19  7:54  Cyclone  
  21  7:59  Marine x2, Viking  
  21  8:04  SCV  
  23  8:16  SCV  
  23  8:17  Marine x2  
  24  8:29  Medivac  
  22  8:35  Marine  
  19  8:49  Cyclone  
  19  8:51  Marine  
  19  8:52  Marine  
  23  8:56  SCV  
  23  8:57  Missile Turret  
  24  9:08  SCV  
  24  9:09  Marine  
  22  9:10  Marine  
  22  9:14  Viking  
  24  9:20  SCV  
  25  9:32  SCV  
  26  9:44  SCV  
  26  9:52  Marine  
  26  9:57  Barracks Reactor  
  21  10:10  Marine  
  15  10:28  Marine  
  15  10:33  SCV  
Show
View Real Time Build Order
Export as new Build Order

ATBT Zerg 

Build Orders: Hatch First 

Get SALT Encoding   

  12  0:02  Drone  
  13  0:12  Overlord  
  13  0:19  Drone  
  14  0:30  Drone x2  
  14  0:34  Drone  
  17  0:54  Hatchery  
  17  0:56  Drone  
  17  1:12  Spawning Pool  
  17  1:13  Drone  
  17  1:15  Extractor  
  17  1:18  Drone  
  17  1:21  Drone  
  18  1:26  Extractor  
  18  1:28  Drone  
  18  1:38  Drone  
  19  1:49  Drone  
  20  1:58  Queen  
  22  2:06  Zergling x2  
  22  2:08  Queen  
  23  2:09  Drone  
  23  2:10  Overlord  
  26  2:22  Drone  
  27  2:27  Roach Warren  
  26  2:35  Zergling x2  
  27  2:42  Overlord  
  27  2:46  Queen  
  29  3:04  Drone  
  29  3:07  Roach  
  31  3:13  Roach  
  31  3:19  Roach  
  34  3:20  Overlord x2  
  34  3:21  Drone  
  35  3:28  Overlord  
  35  3:40  Roach x4  
  43  3:42  Ravager x2  
  45  4:00  Roach x2  
  45  4:01  Roach x3  
  55  4:10  Drone x3  
  55  4:16  Drone  
  59  4:19  Overlord  
  59  4:41  Ravager x2  
  61  5:10  Drone  
  61  5:11  Drone x6  
  61  5:31  Hatchery  
  58  5:41  Drone x9  
  66  5:57  Drone, Zergling x2  
  66  6:02  Lair  
  62  6:05  Spore Crawler  
  62  6:07  Spore Crawler  
  48  6:36  Spore Crawler  
  48  6:47  Spore Crawler  
  47  7:00  Queen  
  49  7:07  Hydralisk Den  
  49  7:08  Queen  
  48  7:09  Drone x2  
  48  7:10  Drone  
  49  7:36  Queen  
  51  7:46  Overlord x6  
  51  7:47  Overlord x2  
  51  7:58  Hydralisk x2  
  49  8:00  Overlord x7  
  49  8:01  Overlord  
  51  8:06  Spore Crawler  
  51  8:08  Spore Crawler  
  46  8:13  Hydralisk x4  
  46  8:16  Burrow  
  50  8:28  Hydralisk x4  
  50  8:32  Queen  
  55  8:37  Spore Crawler  
  53  8:47  Hydralisk  
  39  9:11  Hydralisk, Spore Crawler  
  38  9:27  Queen  
  38  9:28  Hydralisk x2  
  45  9:38  Drone x2  
  42  9:45  Spore Crawler  
  42  9:49  Hydralisk x2  
  44  9:58  Spore Crawler  
  43  10:05  Hydralisk  
  41  10:07  Queen  
  41  10:08  Queen  
  41  10:09  Drone  
  41  10:12  Extractor  
  45  10:14  Extractor  
  45  10:17  Drone, Hydralisk  
  45  10:19  Hatchery  
  46  10:35  Drone x3  
Show
View Real Time Build Order
Export as new Build Order

qqq Zerg - Winner!

Build Orders: Hatch First 

Get SALT Encoding   

  12  0:00  Drone  
  13  0:11  Drone  
  14  0:35  Hatchery  
  14  0:40  Drone  
  14  0:57  Spawning Pool  
  14  1:03  Overlord  
  13  1:10  Drone  
  14  1:13  Extractor  
  14  1:14  Drone  
  14  1:27  Drone x2  
  16  1:39  Drone  
  17  1:51  Drone  
  17  1:52  Drone  
  19  1:57  Queen  
  21  2:15  Drone x2  
  23  2:16  Drone x2  
  23  2:18  Queen  
  26  2:27  Drone  
  27  2:34  Drone  
  28  2:38  Overlord  
  28  2:46  Spine Crawler  
  27  2:52  Drone  
  27  2:55  Lair  
  28  3:00  Drone  
  28  3:05  Spine Crawler  
  28  3:09  Drone x3  
  31  3:13  Drone  
  31  3:14  Drone, Extractor  
  32  3:33  Hatchery  
  31  3:36  Drone x2  
  33  3:43  Extractor  
  33  3:44  Drone x3, Extractor  
  34  3:49  Overlord  
  34  4:02  Drone, Spire  
  34  4:04  Drone  
  34  4:08  Drone  
  34  4:09  Drone  
  37  4:13  Overlord  
  37  4:20  Drone x2  
  37  4:23  Drone  
  41  4:24  Drone  
  41  4:29  Drone x2  
  43  4:32  Drone  
  44  4:42  Drone x3  
  47  4:54  Overlord x2  
  47  4:55  Overlord  
  47  5:04  Spine Crawler  
  46  5:12  Drone x3  
  46  5:13  Mutalisk x3  
  55  5:18  Mutalisk  
  55  5:20  Mutalisk  
  59  5:32  Mutalisk x4  
  61  5:59  Mutalisk x4  
  56  6:07  Drone x5  
  59  6:26  Mutalisk  
  59  6:27  Mutalisk  
  59  6:29  Drone x3  
  66  6:38  Overlord x2  
  66  6:41  Zerg Flyer Weapons Level 1  
  66  6:56  Queen  
  66  6:57  Mutalisk  
  66  6:59  Drone x3  
  66  7:00  Drone  
  72  7:25  Mutalisk x3  
  72  7:27  Drone x4  
  72  7:28  Drone x2  
  80  7:51  Mutalisk x2  
  78  7:56  Overlord x4  
  76  8:14  Mutalisk x2  
  76  8:54  Mutalisk x4  
  82  8:56  Drone x5  
  87  9:21  Mutalisk x2  
  87  9:46  Mutalisk  
  87  9:47  Mutalisk x2  
  87  9:48  Drone x2  
  87  9:49  Drone x3  
  88  10:25  Mutalisk x3  
  88  10:26  Drone  
  88  10:27  Drone x5  
  98  10:49  Extractor  
  98  10:50  Extractor  
Show
View Real Time Build Order
Export as new Build Order

Massa Terran - Winner!

Build Orders: Liberator Opening 

Get SALT Encoding   

  12  0:00  SCV  
  13  0:12  SCV  
  14  0:17  Refinery  
  14  0:24  Supply Depot  
  14  0:29  SCV  
  15  0:45  SCV  
  15  0:48  Barracks  
  16  0:58  SCV  
  17  1:04  Refinery  
  17  1:10  SCV  
  18  1:22  SCV  
  19  1:34  SCV  
  19  1:36  Factory  
  19  1:37  Marine  
  21  1:46  Orbital Command  
  21  1:55  Reaper  
  22  2:14  SCV  
  23  2:31  Factory Tech Lab  
  23  2:32  Starport  
  23  2:42  Supply Depot x2  
  23  3:03  Marine  
  23  3:04  SCV  
  25  3:06  Siege Tank  
  25  3:09  Liberator  
  31  3:16  SCV, Command Center  
  32  3:36  SCV  
  32  3:39  Engineering Bay  
  33  3:48  SCV  
  33  3:52  Medivac  
  36  4:00  Widow Mine  
  38  4:06  SCV  
  39  4:11  Terran Infantry Weapons Level 1  
  39  4:27  Medivac  
  39  4:28  Widow Mine, SCV  
  44  4:32  Orbital Command  
  44  4:40  SCV  
  45  4:47  Missile Turret  
  45  4:52  SCV  
  46  4:57  Widow Mine, Marine  
  44  5:02  Medivac  
  44  5:04  SCV  
  47  5:08  SCV, Missile Turret  
  46  5:14  Marine  
  46  5:16  SCV  
  46  5:20  SCV  
  43  5:28  SCV  
  43  5:29  Missile Turret  
  43  5:32  Marine  
  43  5:36  Barracks x2  
  43  5:37  SCV, Barracks x2  
  43  5:40  SCV, Medivac  
  45  5:50  Marine  
  46  6:04  Refinery, Supply Depot  
  46  6:07  Terran Infantry Armor Level 1  
  46  6:14  Liberator  
  46  6:26  SCV x2, Marine  
  46  6:27  Barracks  
  46  6:28  Supply Depot  
  49  6:34  Supply Depot  
  49  6:38  SCV x2  
  51  6:43  Marine  
  52  6:50  SCV x2  
  52  6:52  Supply Depot  
  54  6:54  Factory  
  54  7:02  SCV  
  55  7:10  Barracks Tech Lab x2  
  55  7:11  Barracks Reactor  
  55  7:14  Barracks Tech Lab  
  55  7:19  Marine  
  56  7:37  Marine  
  57  7:55  Marine  
  55  8:06  Factory Tech Lab  
  55  8:07  Starport Reactor  
  55  8:12  Marine  
  55  8:16  Command Center, Stimpack  
  55  8:17  Combat Shield  
  56  8:20  Concussive Shells  
  56  8:21  Barracks Tech Lab, Marauder x3, Command Center  
  56  8:22  Marine  
  56  8:23  Marine  
  64  8:27  Siege Tank  
  64  8:30  Marine  
  68  8:40  Marine x2  
  68  8:41  Factory  
  70  8:42  Marauder  
  70  8:43  Marauder x2  
  70  8:48  Marine  
  76  8:55  Medivac  
  77  8:58  Marine  
  77  9:02  Supply Depot  
  78  9:03  Supply Depot  
  78  9:04  Supply Depot x2  
  78  9:18  Infernal Pre-Igniter  
  78  9:23  Marine x2, Medivac  
  78  9:24  Marauder x2, Marine, Siege Tank  
  86  9:25  Marauder x2  
  86  9:31  Orbital Command  
  94  9:39  Orbital Command  
  94  9:41  Marine x2  
  94  9:42  Marine  
  94  9:45  Marauder x2  
  101  9:46  Marauder x2  
  101  9:49  Armory  
  101  9:52  Engineering Bay  
  105  10:05  Refinery  
  105  10:06  Marauder x2  
  107  10:07  Marine  
  107  10:08  Marauder  
  108  10:25  Marauder, Marine  
  108  10:26  Marine  
  108  10:28  Marauder x2  
  116  10:29  Marauder  
Tags
 
Add a new tag
Caveats
  • Supply blocks, unpowered buildings, or Contaminate may cause inaccurate times.
  • Supply counts are checked every 10 seconds.